Map: Terraformation EC (Void)

Players

starichok

  • Race: Zerg Zerg
  • League: Platinum

Nyast - Winner!

  • Race: Protoss Protoss
  • League: Platinum

VOD

Have the link to the VOD?

Description

Time

  • Played on: Sept. 19, 2015, 12:40 p.m.
  • Length: 14:33
Show
View Real Time Build Order
Export as new Build Order

starichok Zerg 

Build Orders: Hatch First, Lurkers 

Get SALT Encoding   

  12  0:01  Drone  
  13  0:12  Overlord  
  13  0:19  Drone  
  14  0:25  Drone, Extractor  
  15  0:31  Drone  
  15  0:35  Drone  
  17  0:55  Hatchery  
  16  1:00  Drone  
  17  1:13  Spawning Pool  
  17  1:15  Drone  
  17  1:18  Drone  
  18  1:26  Drone  
  18  1:30  Overlord  
  19  1:44  Drone  
  20  1:50  Drone  
  21  2:00  Queen  
  23  2:04  Zergling x2  
  23  2:08  Queen  
  24  2:09  Drone  
  27  2:16  Drone  
  28  2:23  Drone x2  
  30  2:39  Queen  
  30  2:41  Overlord  
  30  2:42  Hatchery  
  30  2:43  Drone x2  
  33  3:00  Drone x3  
  33  3:02  Extractor x2  
  34  3:06  Roach Warren  
  33  3:13  Drone x3  
  33  3:14  Drone x4  
  40  3:23  Overlord x2  
  40  3:36  Extractor  
  40  3:40  Drone  
  39  3:51  Drone x3  
  39  3:53  Roach x5  
  52  4:04  Drone  
  52  4:05  Drone x2  
  52  4:06  Drone x2  
  52  4:07  Drone x4, Extractor  
  60  4:14  Spore Crawler  
  60  4:15  Spore Crawler  
  58  4:23  Overlord x2  
  58  4:31  Overlord  
  58  4:34  Overlord  
  58  4:36  Lair  
  58  4:48  Drone x3  
  61  4:53  Drone x4  
  61  4:54  Drone x3  
  61  4:55  Drone  
  69  5:05  Drone  
  69  5:06  Evolution Chamber, Drone  
  70  5:08  Overlord x2  
  70  5:20  Roach x3  
  70  5:21  Roach x3  
  82  5:30  Drone x4  
  82  5:31  Drone  
  82  5:32  Zerg Missile Weapons Level 1  
  82  5:35  Glial Reconstitution  
  87  5:37  Hydralisk Den  
  85  5:49  Roach x5  
  92  6:10  Roach x3  
  96  6:29  Overlord  
  95  6:36  Lurker Den  
  95  6:41  Drone x2  
  95  6:42  Drone  
  95  6:43  Overlord x3  
  98  6:57  Hatchery  
  98  7:00  Overlord x2, Extractor  
  96  7:02  Extractor  
  96  7:08  Hydralisk x4  
  95  7:09  Hydralisk x4  
  95  7:10  Drone x3  
  95  7:12  Drone x3  
  117  7:29  Overseer  
  115  7:32  Drone  
  115  7:33  Drone x5  
  121  7:39  Hydralisk x3  
  121  7:40  Hydralisk x3  
  133  7:55  Zerg Ground Armor Level 1  
  133  7:57  Drone x5  
  133  7:58  Drone  
  139  8:15  Extractor  
  139  8:18  Extractor  
  137  8:21  Spine Crawler  
  137  8:23  Spore Crawler  
  137  8:25  Infestation Pit  
  137  8:26  Muscular Augments  
  134  8:32  Drone  
  135  8:34  Drone x2  
  135  8:36  Overlord x2  
  135  8:37  Spine Crawler  
  136  8:41  Hydralisk x4  
  136  8:47  Lurker x3  
  136  8:48  Lurker x5  
  152  8:49  Overlord  
  152  8:57  Overlord  
  152  8:58  Spire  
  152  8:59  Drone x3  
  154  9:05  Extractor  
  154  9:07  Hatchery  
  154  9:09  Extractor  
  149  9:12  Hydralisk  
  149  9:13  Hydralisk x7  
  149  9:14  Hydralisk x2  
  129  9:46  Hydralisk x4  
  129  9:47  Hydralisk  
  139  9:53  Lurker x2  
  139  9:54  Lurker x2  
  139  9:58  Overlord  
  127  10:20  Roach x8  
  127  10:21  Roach x5  
  147  10:39  Hydralisk x3  
  131  10:47  Hive  
  131  10:48  Overlord  
  131  10:50  Drone x4  
  135  10:57  Hatchery  
  134  11:06  Hydralisk x5  
  134  11:07  Hydralisk x2  
  138  11:34  Drone x3  
  139  11:49  Hydralisk x5  
  139  11:50  Hydralisk x6  
  153  12:05  Extractor  
  153  12:06  Hatchery  
  153  12:07  Hydralisk, Extractor  
  153  12:08  Hydralisk x2  
  144  12:22  Hydralisk x3  
  144  12:23  Hydralisk x4  
  156  12:46  Hatchery  
  155  12:58  Viper x2  
  135  13:43  Viper, Hydralisk x2  
  135  13:44  Hydralisk  
Show
View Real Time Build Order
Export as new Build Order

Nyast Protoss - Winner!

Build Orders: 1 Gate Expand 

Get SALT Encoding   

  12  0:00  Probe (Chrono Boost)  
  13  0:16  Pylon  
  13  0:17  Probe (Chrono Boost)  
  14  0:27  Probe (Chrono Boost)  
  15  0:41  Gateway  
  15  0:42  Probe (Chrono Boost)  
  16  0:52  Probe (Chrono Boost), Assimilator  
  17  1:02  Probe (Chrono Boost)  
  18  1:20  Nexus  
  18  1:31  Cybernetics Core  
  18  1:34  Probe (Chrono Boost)  
  19  1:45  Pylon  
  19  1:46  Probe (Chrono Boost)  
  20  1:59  Probe (Chrono Boost), Assimilator  
  21  2:09  Probe (Chrono Boost)  
  21  2:10  Adept, Warp Gate  
  24  2:19  Probe (Chrono Boost)  
  25  2:28  Probe (Chrono Boost)  
  26  2:32  Mothership Core (Chrono Boost)  
  28  2:38  Stalker, Probe (Chrono Boost)  
  31  2:47  Pylon  
  31  2:48  Probe (Chrono Boost)  
  32  2:52  Probe (Chrono Boost)  
  33  2:58  Probe (Chrono Boost)  
  33  3:02  Probe (Chrono Boost)  
  35  3:09  Probe (Chrono Boost), Robotics Facility  
  36  3:13  Probe (Chrono Boost)  
  36  3:19  Probe (Chrono Boost)  
  40  3:20  Sentry  
  40  3:23  Probe (Chrono Boost)  
  41  3:32  Probe x2 (Chrono Boost)  
  43  3:42  Probe (Chrono Boost), Gateway  
  44  3:54  Warp Prism (Chrono Boost)  
  44  3:55  Gateway  
  44  4:02  Gateway  
  46  4:05  Probe, Pylon  
  46  4:07  Probe  
  48  4:12  Gateway  
  48  4:22  Pylon  
  48  4:24  Probe  
  48  4:26  Probe  
  48  4:28  Warp Prism (Chrono Boost)  
  52  4:34  Probe  
  53  4:40  Pylon  
  53  4:42  Adept x2  
  53  4:44  Probe x2  
  53  4:45  Pylon  
  58  4:52  Assimilator  
  59  4:55  Assimilator  
  59  4:56  Probe  
  59  4:58  Observer (Chrono Boost)  
  61  5:01  Robotics Bay  
  61  5:05  Adept  
  63  5:10  Adept x3  
  63  5:11  Probe  
  63  5:13  Probe  
  71  5:22  Probe  
  71  5:25  Probe  
  73  5:33  Sentry, Nexus  
  73  5:34  Sentry x2  
  73  5:35  Pylon  
  79  6:06  Probe  
  79  6:08  Probe  
  79  6:10  Disruptor (Chrono Boost)  
  81  6:16  Gateway  
  82  6:18  Gateway  
  82  6:21  Gateway  
  82  6:24  Forge  
  78  6:26  Forge  
  78  6:28  Probe  
  78  6:30  Probe  
  80  6:38  Probe  
  80  6:42  Probe  
  80  6:44  Disruptor (Chrono Boost)  
  85  6:48  Robotics Facility  
  85  6:49  Probe  
  85  6:50  Probe  
  87  6:54  Probe  
  87  6:59  Probe  
  87  7:00  Probe  
  88  7:06  Probe, Protoss Ground Weapons Level 1  
  88  7:07  Protoss Ground Armor Level 1  
  91  7:09  Probe  
  91  7:10  Probe  
  91  7:11  Photon Cannon  
  91  7:13  Stalker x3, Photon Cannon  
  91  7:14  Stalker x2  
  103  7:16  Disruptor (Chrono Boost)  
  104  7:28  Probe  
  104  7:30  Probe  
  109  7:40  Disruptor (Chrono Boost)  
  109  7:42  Twilight Council  
  109  7:44  Assimilator  
  109  7:45  Probe  
  109  7:46  Pylon, Assimilator  
  109  7:48  Probe, Pylon  
  109  7:49  Pylon  
  109  7:51  Pylon  
  109  7:53  Pylon  
  105  7:59  Disruptor (Chrono Boost)  
  105  8:03  Probe x2  
  108  8:11  Stalker x2  
  108  8:12  Stalker x6  
  122  8:17  Disruptor (Chrono Boost)  
  125  8:28  Probe x2  
  125  8:32  Pylon  
  127  8:45  Stalker x5  
  127  8:46  Stalker x2  
  141  8:51  Pylon, Warp Prism (Chrono Boost)  
  141  8:53  Warp Prism (Chrono Boost)  
  145  8:57  Gateway  
  145  9:16  Nexus  
  145  9:17  Protoss Ground Weapons Level 2  
  145  9:18  Protoss Ground Armor Level 2  
  145  9:21  Observer (Chrono Boost)  
  145  9:22  Templar Archives  
  143  9:52  Stalker  
  143  9:53  Stalker x6  
  143  9:54  Stalker  
  154  10:14  Disruptor (Chrono Boost)  
  154  10:15  Disruptor (Chrono Boost)  
  154  10:20  Pylon  
  156  10:23  Pylon  
  154  10:44  Probe  
  154  10:49  Photon Cannon  
  155  10:50  Zealot x3  
  155  10:51  Zealot x5, Photon Cannon  
  155  10:53  Photon Cannon  
  155  10:54  Probe  
  155  10:56  Photon Cannon  
  168  10:57  Photon Cannon  
  162  11:11  Zealot x3  
  162  11:12  Zealot x4  
  171  11:39  Disruptor (Chrono Boost)  
  159  11:40  Protoss Ground Weapons Level 3, Disruptor (Chrono Boost), Protoss Ground Armor Level 3  
  161  11:54  Zealot  
  161  11:55  Zealot  
  161  11:56  Zealot x6  
  161  11:57  Zealot  
  155  12:25  Zealot x2  
  155  12:26  Zealot x2  
  155  12:27  Zealot x3  
  169  12:35  Assimilator  
  169  12:36  Disruptor (Chrono Boost)  
  153  12:37  Disruptor (Chrono Boost)  
  153  12:39  Assimilator  
  153  12:45  Stargate  
  153  12:46  Stargate  
  153  12:49  Photon Cannon  
  153  12:51  Photon Cannon  
  143  12:53  Photon Cannon  
  143  12:57  Photon Cannon  
  143  12:58  Photon Cannon  
  143  13:00  Photon Cannon  
  143  13:01  Pylon, Zealot x5  
  143  13:02  Zealot  
  143  13:03  Pylon  
  153  13:16  Pylon  
  153  13:19  Pylon  
  153  13:35  Stalker  
  153  13:36  Stalker x3  
  153  13:37  Stalker x4  
  141  14:29  Stalker x5  
  141  14:30  Stalker x4  
Tags
 
Add a new tag
Caveats
  • Supply blocks, unpowered buildings, or Contaminate may cause inaccurate times.
  • Supply counts are checked every 10 seconds.